[Event "Early-Titled-Tuesday-Blitz-June-18-2024"]
[Site "Chess.com"]
[Date "2024.06.18"]
[Round "3"]
[White "Roland_Garros_2024"]
[Black "ShahMatKanal"]
[Result "0-1"]
[WhiteElo "2235"]
[BlackElo "2470"]
[TimeControl "180+1"]
[EndTime "8:29:37 PDT"]
[Termination "ShahMatKanal won on time"]

1. e4 c5 2. Nf3 d6 3. d4 cxd4 4. Nxd4 Nf6 5. Nc3 a6 6. Bg5 e6 7. f4 Be7 8. Qf3 h6 9. Bh4 Qc7 10. O-O-O Nc6 11. Nxc6 Qxc6 12. Be2 Bd7 13. e5 dxe5 14.
fxe5 Nd5 15. Rxd5 Bxh4 16. Rd6 Qc7 17. Kb1 O-O 18. Qg4 Be7 19. Rd3 f5 20. exf6 Bxf6 21.
Ne4 Rac8 22. Nxf6+ Rxf6 23. c3 Bc6 24. Rhd1 Rcf8 25. Rg3 Qe7 26. Bc4 Kh8 27. Re1 Bd7 28. a3 b5 29. Bb3 Qf7 30. Bc2 e5 31. Qe4 Bf5 32. Qxe5 Bxc2+ 33. Kxc2 Rf2+ 34. Kb1 Rg8 35. Qe7 Qb3 36. Re2 Qd1+ 37. Ka2 Rxe2 38. Qh4 Qd5+ 0-1

[Event "Early-Titled-Tuesday-Blitz-June-18-2024"]
[Site "Chess.com"]
[Date "2024.06.18"]
[Round "3"]
[White "ellatambien"]
[Black "andrzej"]
[Result "1-0"]
[WhiteElo "2683"]
[BlackElo "2477"]
[TimeControl "180+1"]
[EndTime "8:29:38 PDT"]
[Termination "ellatambien won on time"]

1. Nf3 d5 2. c4 e6 3. g3 Nf6 4. Bg2 dxc4 5. Qa4+ Bd7 6. Qxc4 c5 7. Ne5 Qc8 8. Nc3 Nc6 9. Nxd7 Qxd7 10. O-O Rc8 11. b3 b6 12. Bb2 Be7 13. Rad1 O-O 14. Qa4 Rfd8 15. d3 Ne8 16. Rd2 Nd6 17. Rfd1 b5 18. Nxb5 Nxb5 19. Qxb5 Nd4 20. Qxd7 Rxd7 21. e3 Nc6 22.
Bc3 Nb4 23. Kf1 a5 24. Ke2 Ra7 25. d4 c4 26. bxc4 Rxc4 27. Ba1 Rac7 28. d5 exd5 29. Bxd5 Rc2 30. Bb3 R2c6 31. Rd8+ Bf8 32. Ra8 Rc8 33. Rxa5 Nc2 34. Be5 h5 35. h4 g6 36. Bb2 R6c7 37.
Rad5 Nb4 38. Rd8 Rxd8 39. Rxd8 Nxa2 40. Ba3 Nc3+ 41. Kf3 1-0

[Event "Early-Titled-Tuesday-Blitz-June-18-2024"]
[Site "Chess.com"]
[Date "2024.06.18"]
[Round "3"]
[White "Boundless_Strike"]
[Black "elamier"]
[Result "0-1"]
[WhiteElo "2653"]
[BlackElo "2480"]
[TimeControl "180+1"]
[EndTime "8:29:38 PDT"]
[Termination "elamier won by checkmate"]

1. d4 Nf6 2. f3 d5 3. e4 dxe4 4. Nc3 exf3 5. Nxf3 Bf5 6. Ne5 c6 7. g4 Be6 8. g5 Nd5 9. Ne4 Bf5 10. Bg2 e6 11. c3 Nd7 12. Qf3 Nxe5 13. dxe5 Qb6 14. Bf4 Qxb2 15. O-O Nxf4 16. Qxf4 Qb6+ 17. Kh1 Be7 18.
Nd6+ Bxd6 19. exd6 O-O 20. Rad1 Rad8 21. c4 Qc5 22. Rfe1 f6 23. gxf6 Rxf6 24. Re5 Qa3 25. Qd2 Bg4 26. Rde1 Qxd6 27. Qg5 Bf5 28. c5 Qf8 29.
Qg3 Rd3 30. Qg5 h6 31. Qc1 Qd8 32. Qb2 Rd2 33. Qxb7 Rg6 34. Bf3 Qh4 35. R5e2 Qf4 36. Qxc6 Rxe2 37. Rxe2 Qc1+ 38. Re1 Qxe1# 0-1

[Event "Early-Titled-Tuesday-Blitz-June-18-2024"]
[Site "Chess.com"]
[Date "2024.06.18"]
[Round "3"]
[White "masnyszachistaaa"]
[Black "kyuotbi"]
[Result "1-0"]
[WhiteElo "2578"]
[BlackElo "2314"]
[TimeControl "180+1"]
[EndTime "8:29:38 PDT"]
[Termination "masnyszachistaaa won by resignation"]

1. c4 e5 2. g3 Nc6 3. Bg2 f5 4.
Nc3 Nf6 5. d3 Bc5 6. e3 O-O 7.
Nge2 d6 8. O-O a5 9. Rb1 Ba7 10. a3 Qe8 11. b4 Qh5 12. Nd5 Nxd5 13. cxd5 Ne7 14. Nc3 Qg6 15. bxa5 f4 16. exf4 exf4 17.
Bxf4 Rxf4 18. gxf4 Nf5 19. Qf3 Nd4 20. Qg3 Qf7 21.
Rfe1 Bc5 22. Nb5 Nf5 23. Qg5 Bd7 24. Nxc7 Rc8 25. Ne6 Bxe6 26. dxe6 Qf6 27. Qxf6 gxf6 28. Bxb7 Re8 29. a6 Nd4 30. e7 Kf7 31. Rbc1 1-0

[Event "Early-Titled-Tuesday-Blitz-June-18-2024"]
[Site "Chess.com"]
[Date "2024.06.18"]
[Round "3"]
[White "LoonsDeKoeben"]
[Black "whiteglovethief"]
[Result "1/2-1/2"]
[WhiteElo "2372"]
[BlackElo "2539"]
[TimeControl "180+1"]
[EndTime "8:29:38 PDT"]
[Termination "Game drawn by repetition"]

1. Nf3 Nf6 2. c4 g6 3. Nc3 Bg7 4. d4 d6 5. e4 O-O 6. h3 e5 7. d5 Nbd7 8. Be2 a5 9. g4 Nc5 10.
Qc2 c6 11. Be3 Nfd7 12. O-O-O cxd5 13. cxd5 a4 14. Kb1 Nb6 15. Nb5 Qe7 16. Nxd6 Nb3 17. axb3 Qxd6 18. Bc5 axb3 19. Bxd6 bxc2+ 20. Kxc2 Re8 21. Bb5 Bd7 22. Bxd7 Nxd7 23. Ra1 Rac8+ 24. Kd2 Bh6+ 25. g5 Bf8 26. Bxf8 Kxf8 27. Rac1 Nc5 28. Ke3 Na4 29.
Rxc8 Rxc8 30. Nxe5 Nxb2 31. Rb1 Rc2 32. Nd3 Nxd3 33.
Kxd3 Rxf2 34. Rxb7 Rf3+ 35. Kd4 Rxh3 36. Ke5 Rg3 37.
Rb8+ Ke7 38. d6+ Kd7 39. Rb7+ Ke8 40. Kf6 Rf3+ 41. Kg7 Rf4 42. e5 Rf5 43. Re7+ Kd8 44. Kh6 Kc8 45. Rc7+ Kd8 46. Re7 Kc8 47. Kxh7 Rxg5 48.
Kg7 Rf5 49. Kf8 Kd8 50. Re8+ Kd7 51. Re7+ Kd8 52. Re8+ Kd7 53. Re7+ Kd8 1/2-1/2

[Event "Early-Titled-Tuesday-Blitz-June-18-2024"]
[Site "Chess.com"]
[Date "2024.06.18"]
[Round "3"]
[White "Yaacovn"]
[Black "manitodeplomo"]
[Result "0-1"]
[WhiteElo "2851"]
[BlackElo "2654"]
[TimeControl "180+1"]
[EndTime "8:29:39 PDT"]
[Termination "manitodeplomo won on time"]

1. d4 d5 2. Nf3 c6 3. c4 dxc4 4. a4 e6 5. Na3 Bxa3 6. bxa3 Nf6 7. Qc2 O-O 8. Qxc4 b6 9. Qc2 Ba6 10. g3 Nbd7 11. Bg2 Rc8 12. O-O c5 13. Qd1 Ne4 14. Bd2 Qe7 15. a5 Rfd8 16. axb6 axb6 17. Be1 Ndf6 18.
Ra2 cxd4 19. Nxd4 e5 20. Nf5 Qe6 21. Qa4 Bc4 22. Ne3 Bxa2 23. Bxe4 Rd4 24. Qa6 Nxe4 25.
Bb4 Nc5 26. Qa7 Bd5 27. f3 Ba8 28. g4 g6 29. Rc1 Rd7 0-1

[Event "Early-Titled-Tuesday-Blitz-June-18-2024"]
[Site "Chess.com"]
[Date "2024.06.18"]
[Round "3"]
[White "bascheyaro"]
[Black "santosalberto1987"]
[Result "1-0"]
[WhiteElo "2806"]
[BlackElo "2596"]
[TimeControl "180+1"]
[EndTime "8:29:39 PDT"]
[Termination "bascheyaro won by resignation"]

1. d4 Nf6 2. c4 d6 3. Nf3 g6 4. Nc3 Bf5 5. Bf4 Bg7 6. e3 O-O 7. h3 c5 8. d5 Na6 9. Be2 Ne4 10.
Nxe4 Bxe4 11. Ng5 Qa5+ 12. Qd2 Qxd2+ 13. Kxd2 Bf5 14. g4 Bd7 15. Rab1 Nc7 16. b4 cxb4 17. Rxb4 b6 18. Rbb1 Na6 19. h4 Nc5 20. f3 Rab8 21.
Ne4 Nxe4+ 22. fxe4 Bc8 23. c5 e5 24. dxe6 Bxe6 25.
Bxd6 Rfd8 26. Ke1 Rbc8 27. Ba6 Rc6 28. Bb7 Rcxd6 29. cxd6 Rxd6 30. Bd5 Bxd5 31. exd5 Rxd5 32. Rd1 Ra5 33. Rd8+ Bf8 34. Rh2 Kg7 35. h5 Bb4+ 36. Kf1 Rc5 37. h6+ Kf6 38. Rh8 Rc1+ 39. Kg2 Bd6 40. Rh3 Rc2+ 41. Kf3 Rxa2 42. Rxh7 Be5 43. g5+ Ke6 44. Rg7 a5 45. Rg8 a4 46. Re8+ Kd6 47.
Rxe5 Kxe5 48. h7 1-0

[Event "Early-Titled-Tuesday-Blitz-June-18-2024"]
[Site "Chess.com"]
[Date "2024.06.18"]
[Round "3"]
[White "Lucky_Puncher"]
[Black "salomez"]
[Result "1-0"]
[WhiteElo "2608"]
[BlackElo "2363"]
[TimeControl "180+1"]
[EndTime "8:29:39 PDT"]
[Termination "Lucky_Puncher won by checkmate"]

1. d4 Nf6 2. c4 g6 3. Nc3 Bg7 4. e4 d6 5. Nf3 Nbd7 6. Be2 e5 7. O-O O-O 8. d5 a5 9. Ne1 Nc5 10. Qc2 Nfd7 11. Be3 f5 12. f3 f4 13. Bf2 g5 14.
Nd3 Nxd3 15. Qxd3 Nc5 16. Qd1 h5 17. b3 b6 18. a3 Bd7 19. Rb1 a4 20. b4 Nb3 21.
Nb5 Qc8 22. c5 bxc5 23. bxc5 Ra5 24. c6 Be8 25. Qe1 Ra8 26. Qb4 g4 27. Kh1 Bg6 28. Bg3 fxg3 29. hxg3 Nd4 30. Nxd4 exd4 31. Kh2 Be5 32. f4 Bg7 33. Bd3 Re8 34. f5 Bf7 35. f6 Bh6 36. Qxd4 Qd8 37. Rf5 Bg6 38. Rbf1 Kf7 39.
e5 dxe5 40. Rxe5 Rxe5 41. Bxg6+ Kxg6 42. Qxe5 Qg8 43. f7 Qg7 44. Qf5# 1-0

[Event "Early-Titled-Tuesday-Blitz-June-18-2024"]
[Site "Chess.com"]
[Date "2024.06.18"]
[Round "3"]
[White "Chxss_Khxsbu"]
[Black "Keeper0416"]
[Result "0-1"]
[WhiteElo "1770"]
[BlackElo "2546"]
[TimeControl "180+1"]
[EndTime "8:29:39 PDT"]
[Termination "Keeper0416 won by checkmate"]

1. e4 e5 2. Nf3 Nc6 3. Bb5 a6 4. Ba4 Nf6 5. O-O b5 6. Bb3 Bc5 7. a4 Rb8 8. d3 d6 9. Bg5 h6 10. Be3 Bg4 11. Nbd2 Nd4 12. h3 Bxf3 13. Nxf3 Nxb3 14. cxb3 Bxe3 15. fxe3 O-O 16. Qc2 c5 17. b4 cxb4 18. axb5 axb5 19. Qb3 Qb6 20. Rfe1 Ra8 21.
Rxa8 Rxa8 22. Qxb4 Rc8 23. Kh2 Rc2 24. Qb3 Rc7 25. Ra1 Qxe3 26. Qxb5 Rc2 27. Qb3 Re2 28.
Kh1 Qf2 29. Qb8+ Kh7 30. Rg1 Nh5 31. Qxd6 Ng3+ 32. Kh2 Nf1+ 33. Kh1 Qxf3 34. Qxe5 Qf2 35. d4 Ng3+ 36. Kh2 Nxe4 37. d5 Ng5 38. Qg3 Nf3+ 39. Kh1 Qxg1# 0-1

[Event "Early-Titled-Tuesday-Blitz-June-18-2024"]
[Site "Chess.com"]
[Date "2024.06.18"]
[Round "3"]
[White "HelenaWalker2912"]
[Black "Kgli1m"]
[Result "1-0"]
[WhiteElo "2406"]
[BlackElo "2094"]
[TimeControl "180+1"]
[EndTime "8:29:39 PDT"]
[Termination "HelenaWalker2912 won by resignation"]

1. d4 d5 2. c4 c6 3. Nf3 a6 4. a4 Nf6 5. Nc3 Be6 6. cxd5 Nxd5 7. e4 Nxc3 8. bxc3 Bg4 9. Be2 e6 10. O-O Be7 11. h3 Bxf3 12. Bxf3 O-O 13. Be3 Qc7 14. Qe2 Nd7 15. Rab1 Rab8 16. Rfd1 b5 17. axb5 cxb5 18. Ra1 a5 19. Rab1 b4 20. cxb4 Bxb4 21. d5 e5 22.
Rdc1 Qb7 23. Bg4 Rfc8 24. Rc2 Rxc2 25. Qxc2 Rc8 26. Qa4 Nf6 27. Bxc8 Qxc8 28. Rc1 Qb8 29. Qc6 h6 30. Qc8+ Qxc8 31. Rxc8+ Kh7 32. f3 g5 33. Ra8 Kg6 34. Bb6 Nd7 35. Bxa5 Bxa5 36. Rxa5 Kf6 37. Ra6+ Ke7 38. Rxh6 f6 39. Rh7+ Ke8 40. d6 Nc5 41. Kf2 Ne6 42. Re7+ 1-0

[Event "Early-Titled-Tuesday-Blitz-June-18-2024"]
[Site "Chess.com"]
[Date "2024.06.18"]
[Round "3"]
[White "XDPS"]
[Black "only_strong_moves"]
[Result "1-0"]
[WhiteElo "2879"]
[BlackElo "2655"]
[TimeControl "180+1"]
[EndTime "8:29:40 PDT"]
[Termination "XDPS won on time"]

1. d4 Nf6 2. Nf3 e6 3. Bf4 d5 4.
e3 c5 5. Nbd2 Nc6 6. c3 Nh5 7. Be5 f6 8. Bg3 g6 9. Bd3 cxd4 10.
exd4 Bh6 11. O-O O-O 12. Re1 Nf4 13. Bf1 Bd7 14. a3 a6 15. c4 Rc8 16. c5 Re8 17. b4 e5 18. dxe5 fxe5 19. Nb3 Bg4 20. h3 Bh5 21. Bxf4 Bxf4 22. g4 e4 23. Nfd4 Qg5 24. Bg2 Ne5 25. gxh5 gxh5 26. Kh1 Kh8 27. Rg1 Nd3 28.
Ra2 Bb8 29. Bf1 Qf4 30. Rg2 Rg8 31. Bxd3 Rxg2 32. Kxg2 Qh2+ 33. Kf1 Qh1+ 34. Ke2 exd3+ 35. Qxd3 Re8+ 36. Kd2 Bf4+ 37. Kc2 Qe1 38. Qf3 Re4 39. Ra1 Rxd4 40. Rxe1 1-0

[Event "Early-Titled-Tuesday-Blitz-June-18-2024"]
[Site "Chess.com"]
[Date "2024.06.18"]
[Round "3"]
[White "Slovineanu"]
[Black "rasmussvane"]
[Result "0-1"]
[WhiteElo "2542"]
[BlackElo "2966"]
[TimeControl "180+1"]
[EndTime "8:29:40 PDT"]
[Termination "rasmussvane won by resignation"]

1. d4 d5 2. Nf3 e6 3. c4 a6 4. e3 Nf6 5. c5 Nc6 6. Nc3 g6 7. Bd3 Bg7 8. O-O O-O 9. Rb1 Qe7 10. b4 e5 11. dxe5 Nxe5 12. Be2 Bf5 13. Rb3 Rad8 14.
Bb2 Nc4 15. Ba1 Rfe8 16. Nd4 c6 17. Nxf5 gxf5 18. Bd3 Ne4 19. Nxe4 dxe4 20. Bxg7 Kxg7 21.
Qa1+ Ne5 22. f4 exd3 23. fxe5 Qxe5 24. Qxe5+ Rxe5 25. Kf2 Re4 26. Rd1 Kf6 27. a3 d2 28.
Rb2 Rd3 29. Rbxd2 Rxa3 30. Rd6+ Kg7 31. Rd7 Rxb4 32. Re7 f4 33. Rdd7 fxe3+ 34. Kf3 e2+ 35. Kxe2 Rb2+ 36. Kf1 Ra1+ 37. Re1 Rxe1+ 38. Kxe1 a5 39.
Kf1 a4 40. Rd4 a3 0-1

[Event "Early-Titled-Tuesday-Blitz-June-18-2024"]
[Site "Chess.com"]
[Date "2024.06.18"]
[Round "3"]
[White "Iskusnyh"]
[Black "MaxLeto"]
[Result "1-0"]
[WhiteElo "2661"]
[BlackElo "2461"]
[TimeControl "180+1"]
[EndTime "8:29:40 PDT"]
[Termination "Iskusnyh won by checkmate"]

1. d4 h5 2. c4 h4 3. Nc3 d6 4. e4 h3 5. g4 e5 6. d5 Qh4 7. Be2 Nf6 8. Nf3 Qh7 9. Nd2 Na6 10. g5 Nh5 11. Nb3 Be7 12. Be3 Nf4 13.
Bf3 Bxg5 14. Qd2 Ng2+ 15. Kd1 Nxe3+ 16. fxe3 Qh6 17. Re1 Bd7 18. Kc2 O-O 19. Re2 Rac8 20. Rg1 Rfd8 21. Qe1 f6 22. Qg3 c6 23. Kb1 Nc5 24.
Nxc5 dxc5 25. Bg4 Bxg4 26. Qxg4 Rc7 27. Rg3 Qg6 28. Rxh3 a6 29. Rg3 Qh6 30. Rh3 Qg6 31. Rh5 Qf7 32. h4 g6 33. Rxg5 fxg5 34. Qxg5 Qg7 35.
Qxd8+ Kh7 36. h5 Rf7 37. hxg6+ Qxg6 38. Rh2+ Kg7 39. Qh8# 1-0

[Event "Early-Titled-Tuesday-Blitz-June-18-2024"]
[Site "Chess.com"]
[Date "2024.06.18"]
[Round "3"]
[White "viktorskliarov"]
[Black "Supelyel"]
[Result "1-0"]
[WhiteElo "2651"]
[BlackElo "2441"]
[TimeControl "180+1"]
[EndTime "8:29:40 PDT"]
[Termination "viktorskliarov won by resignation"]

1. e4 d6 2. d4 Nf6 3. Nc3 e5 4. Nge2 Nbd7 5. f3 Be7 6. Be3 O-O 7. Qd2 c6 8. g4 b5 9. Ng3 b4 10. Nd1 d5 11. Nf2 c5 12. dxc5 d4 13. Bg5 Nxc5 14.
h4 Be6 15. Nf5 Bxf5 16. gxf5 Kh8 17. Bc4 Nh5 18. Bxe7 Qxe7 19. Qg5 Nf6 20. Rg1 Rg8 21. Nd3 h6 22. Qd2 Nxd3+ 23. cxd3 Rac8 24. b3 Nh5 25.
O-O-O a5 26. Kb2 Rc5 27. Rg4 Ra8 28. Rdg1 a4 29. Rxg7 Rc6 30. Rxf7 Qxh4 31. Qg2 axb3 32. Bxb3 Qg4 33. fxg4 Rc2+ 34. Qxc2 1-0

[Event "Early-Titled-Tuesday-Blitz-June-18-2024"]
[Site "Chess.com"]
[Date "2024.06.18"]
[Round "3"]
[White "ferrufino64"]
[Black "aot317"]
[Result "0-1"]
[WhiteElo "2295"]
[BlackElo "2517"]
[TimeControl "180+1"]
[EndTime "8:29:40 PDT"]
[Termination "aot317 won on time"]

1. e4 c5 2. Nf3 e6 3. g3 d5 4. exd5 exd5 5. d4 Nf6 6. Bg2 Nc6 7. O-O Bg4 8. Re1+ Be7 9. dxc5 O-O 10. Qd3 Bxc5 11. Nc3 Qd7 12. Bg5 Bf5 13. Qb5 b6 14. Rad1 Bxc2 15. Rd2 a6 16. Qf1 Bg6 17. Bxf6 gxf6 18.
Nxd5 Qf5 19. Nh4 Qg5 20. Kh1 Qxd2 21. Nxf6+ Kg7 22. Ne4 Bxe4 23. Bxe4 Rac8 24. Re2 Qb4 25. Qh3 Ne7 26. Nf3 Ng6 27. Ng5 h6 28. Nf3 Rcd8 29. Qf5 Rd1+ 30. Kg2 Qc4 31. Rc2 Qe6 32. Qxe6 fxe6 33.
Bxg6 Kxg6 34. Ne5+ Kg7 35. b4 Rxf2+ 36. Rxf2 Bxf2 0-1

[Event "Early-Titled-Tuesday-Blitz-June-18-2024"]
[Site "Chess.com"]
[Date "2024.06.18"]
[Round "3"]
[White "Chessmatenokk17"]
[Black "Bigfish1995"]
[Result "0-1"]
[WhiteElo "2790"]
[BlackElo "3132"]
[TimeControl "180+1"]
[EndTime "8:29:42 PDT"]
[Termination "Bigfish1995 won by resignation"]

1. e4 d6 2. d4 g6 3. Nc3 Bg7 4.
Be3 Nf6 5. f3 c6 6. Qd2 Nbd7 7.
O-O-O O-O 8. Bh6 b5 9. h4 b4 10.
Nb1 c5 11. e5 dxe5 12. Bxg7 Kxg7 13. dxe5 Ng8 14. h5 Qc7 15. f4 Nb6 16. Nf3 Bg4 17.
hxg6 hxg6 18. Ng5 Nh6 19. Be2 Rad8 20. Qe1 Rxd1+ 21. Bxd1 Qd7 22. Bxg4 Qxg4 23. Rh4 Qf5 24. Nd2 Rh8 25. e6 f6 26. Ngf3 Nd5 27. Qe4 Qxe4 28. Nxe4 c4 29. c3 a5 30. Nfd2 Rc8 31. g4 Nxf4 32. g5 Nd3+ 33. Kc2 Nf5 34. Rh1 Ne3+ 35. Kb1 f5 36. Ng3 bxc3 37. Ne2 cxd2 38. Nd4 d1=Q+ 39. Rxd1 Nxd1 0-1

[Event "Early-Titled-Tuesday-Blitz-June-18-2024"]
[Site "Chess.com"]
[Date "2024.06.18"]
[Round "3"]
[White "DenLaz"]
[Black "GM-2024-GM"]
[Result "1-0"]
[WhiteElo "3087"]
[BlackElo "2306"]
[TimeControl "180+1"]
[EndTime "8:29:42 PDT"]
[Termination "DenLaz won on time"]

1. d4 d5 2. c4 e6 3. Nf3 a6 4. g3 dxc4 5. Bg2 Nc6 6. O-O Rb8 7. Nc3 b5 8. e4 Nf6 9. e5 Nd5 10. Ng5 Be7 11. h4 Ncb4 12. Qh5 g6 13. Qf3 O-O 14. Rd1 Bb7 15. Nge4 Nxc3 16. bxc3 Nd3 17. Bh6 Re8 18. h5 Bxe4 19. Qxe4 Bg5 20. Bxg5 Qxg5 21. hxg6 hxg6 22. Qc6 a5 23. Qxc7 b4 24. Qxa5 b3 25. axb3 Rxb3 26.
Be4 Nxf2 27. Kxf2 Rb2+ 28. Kf3 Qh5+ 29. g4 Qh3+ 30. Kf4 Rf2+ 31. Kg5 f6+ 32. exf6 Qe3+ 33. Kxg6 1-0

[Event "Early-Titled-Tuesday-Blitz-June-18-2024"]
[Site "Chess.com"]
[Date "2024.06.18"]
[Round "3"]
[White "yonaltimur"]
[Black "AldokhinIvan"]
[Result "0-1"]
[WhiteElo "2334"]
[BlackElo "2635"]
[TimeControl "180+1"]
[EndTime "8:29:43 PDT"]
[Termination "AldokhinIvan won by resignation"]

1. e4 c5 2. Nf3 e6 3. d4 cxd4 4. Nxd4 a6 5. c4 Qc7 6. Nc3 Nf6 7. Be2 d6 8. O-O Be7 9. Be3 b6 10. a4 Bb7 11. f3 O-O 12. Kh1 Nbd7 13. a5 bxa5 14.
Nb3 Rab8 15. Nxa5 Ba8 16. Qd2 Rfd8 17. Rfd1 Nc5 18. Na4 Nxa4 19. Rxa4 d5 20. cxd5 exd5 21. Bf4 Bd6 22. Bxd6 Qxd6 23. Rd4 Qc7 24. exd5 Rxd5 25. Rxd5 Bxd5 26. Rc1 Qb6 27. Nc4 Bxc4 28. Bxc4 h5 29. b3 Rd8 30. Qe2 Re8 31. Qd3 a5 32. Rd1 Qf2 33.
Qg6 Re1+ 0-1

[Event "Early-Titled-Tuesday-Blitz-June-18-2024"]
[Site "Chess.com"]
[Date "2024.06.18"]
[Round "3"]
[White "ChEsper99"]
[Black "ploxoi"]
[Result "0-1"]
[WhiteElo "2262"]
[BlackElo "2500"]
[TimeControl "180+1"]
[EndTime "8:29:43 PDT"]
[Termination "ploxoi won by resignation"]

1. c4 e6 2. d4 d5 3. Nc3 c6 4. e4 dxe4 5. Nxe4 Bb4+ 6. Bd2 Qxd4 7. Bxb4 Qxe4+ 8. Be2 Na6 9. Ba5 b6 10. Bc3 Ne7 11.
Bxg7 Rg8 12. Bc3 Rxg2 13. Nf3 Bd7 14. Qd2 O-O-O 15. Rf1 Be8 16. Qh6 Nc5 17. Rd1 Nd3+ 18.
Rxd3 Rxd3 19. Ng5 Qg6 20. Qxg6 Nxg6 21. Bxd3 Rxg5 22. Bf6 Rh5 23. h4 Nxh4 24. Ke2 Ng6 25. Rd1 Bd7 26. Bxg6 hxg6 27. Rg1 c5 28. Rg5 Rh1 29.
b3 Rc1 30. Bg7 Rc2+ 31. Ke3 Rxa2 32. Be5 Bc6 33. Rg3 Ra3 34. Kf4 Ra2 35. Rh3 Rxf2+ 36. Ke3 Rf5 37. Rh8+ Kd7 38. Bg3 Rf3+ 0-1

[Event "Early-Titled-Tuesday-Blitz-June-18-2024"]
[Site "Chess.com"]
[Date "2024.06.18"]
[Round "3"]
[White "Shuvalov"]
[Black "IlanSchnaider"]
[Result "0-1"]
[WhiteElo "2598"]
[BlackElo "2834"]
[TimeControl "180+1"]
[EndTime "8:29:44 PDT"]
[Termination "IlanSchnaider won on time"]

1. d4 Nf6 2. c4 e6 3. Nc3 Bb4 4. Qc2 d5 5. cxd5 exd5 6. Bg5 Be6 7. e3 h6 8. Bh4 c6 9. Bd3 Nbd7 10. Nf3 O-O 11. h3 Bd6 12. O-O Qc7 13. Bxf6 Nxf6 14. Rac1 Qe7 15. a3 a5 16. Na4 Nd7 17. Rfe1 Qf6 18. Nd2 Rfe8 19. Nb3 Qh4 20. Bf1 Qh5 21. Nbc5 Nxc5 22. Nxc5 Rab8 23. b4 axb4 24. axb4 Bf5 25. Qd1 Qg6 26. Kh1 b6 27. Nd3 Rbc8 28. Qd2 Be4 29.
Rb1 Qe6 30. Kg1 Qg6 31. Rbc1 Re6 32. Nf4 Bxf4 33. exf4 Qf6 34. g3 Rce8 35. Re3 Qg6 36. Kh2 h5 37. h4 R6e7 38. Rce1 Qd6 0-1

[Event "Early-Titled-Tuesday-Blitz-June-18-2024"]
[Site "Chess.com"]
[Date "2024.06.18"]
[Round "3"]
[White "c63_amg"]
[Black "SkinnyPuppy8"]
[Result "1-0"]
[WhiteElo "2804"]
[BlackElo "2185"]
[TimeControl "180+1"]
[EndTime "8:29:44 PDT"]
[Termination "c63_amg won on time"]

1. e4 d5 2. exd5 Nf6 3. Nf3 Bg4 4. Be2 Nxd5 5. h3 Bh5 6. d4 e6 7. c4 Nb6 8. c5 Nd5 9. Nc3 c6 10. O-O Be7 11. Qb3 Qc8 12. Nxd5 exd5 13. Re1 O-O 14. Bf4 Nd7 15. Ba6 bxa6 16. Rxe7 Bxf3 17. Qxf3 Nf6 18.
Bd6 Re8 19. Rae1 Rxe7 20. Rxe7 Qd8 21. g4 h6 22. h4 Kh8 23. g5 Ng8 24. Qxf7 Nxe7 25.
gxh6 Qg8 26. Qxe7 gxh6+ 27. Kh2 Qh7 28. Be5+ Kg8 29. Qe6+ Qf7 30. Qg4+ Kh7 31. f4 Rg8 32. Qe2 Qg6 33. Qf2 Qe4 34. f5 Rg4 35. Bg3 Kg7 36.
f6+ Kf7 37. b4 Qxd4 38. Qe2 Qe4 39. Qxa6 1-0

[Event "Early-Titled-Tuesday-Blitz-June-18-2024"]
[Site "Chess.com"]
[Date "2024.06.18"]
[Round "3"]
[White "KnightDuta"]
[Black "dropstoneDP"]
[Result "0-1"]
[WhiteElo "2746"]
[BlackElo "2979"]
[TimeControl "180+1"]
[EndTime "8:29:45 PDT"]
[Termination "dropstoneDP won on time"]

1. e4 e5 2. Nf3 Nf6 3. Nxe5 d6 4.
Nf3 Nxe4 5. d4 d5 6. Bd3 Bf5 7.
O-O Be7 8. c4 dxc4 9. Bxc4 O-O 10. Nc3 Nc6 11. Re1 Nd6 12. Bd5 Nb4 13. Bb3 Nd3 14.
Rf1 c6 15. Ne5 Nxc1 16. Rxc1 Bf6 17. Qf3 Qa5 18. Rfe1 Rae8 19. Re2 Bxe5 20. dxe5 Rxe5 21. Rd1 Rxe2 22. Qxe2 Nb5 23. Qe5 Bg6 24. h4 b6 25.
Qe7 h5 26. Nxb5 Qxb5 27. Qxa7 Qb4 28. Qc7 c5 29. Qg3 Kh7 30. Rc1 Re8 31. Qg5 f6 32. Qg3 Re4 33. Bc2 Re1+ 34. Rxe1 Qxe1+ 35. Kh2 Bxc2 36. Qf3 Qe5+ 37. g3 Bg6 38. Qe2 Qxe2 0-1

[Event "Early-Titled-Tuesday-Blitz-June-18-2024"]
[Site "Chess.com"]
[Date "2024.06.18"]
[Round "3"]
[White "MikeSailer"]
[Black "Karina_Ivanova"]
[Result "0-1"]
[WhiteElo "2061"]
[BlackElo "2274"]
[TimeControl "180+1"]
[EndTime "8:29:45 PDT"]
[Termination "Karina_Ivanova won on time"]

1. d4 Nf6 2. Nf3 e6 3. Bg5 h6 4. Bh4 c5 5. c3 Nc6 6. Nbd2 d5 7. e3 Bd6 8. Bd3 O-O 9. O-O cxd4 10. exd4 Be7 11.
Re1 b6 12. Rc1 Bb7 13. Bb1 Rc8 14. a3 b5 15. Qc2 Ne4 16. Bxe7 Nxe7 17. Nxe4 dxe4 18.
Nd2 f5 19. Nb3 Bd5 20. Nc5 e5 21. b4 exd4 22. cxd4 Nc6 23. Red1 Qf6 24. Ba2 Rfd8 25. Bxd5+ Rxd5 26. Qa2 Qf7 27. Qe2 Nxd4 28. Qe3 Rcd8 29. Re1 Kh7 30. g3 Nf3+ 31. Kg2 Nxe1+ 32. Rxe1 Rd2 33. Qf4 Qd5 34. Kh3 g5 35. Qc7+ Kg6 36.
Qe7 Rxf2 37. Rh1 Qd6 0-1

[Event "Early-Titled-Tuesday-Blitz-June-18-2024"]
[Site "Chess.com"]
[Date "2024.06.18"]
[Round "3"]
[White "monomita"]
[Black "FairChess_on_YouTube"]
[Result "1/2-1/2"]
[WhiteElo "2792"]
[BlackElo "3117"]
[TimeControl "180+1"]
[EndTime "8:29:46 PDT"]
[Termination "Game drawn by repetition"]

1. d4 Nf6 2. Nc3 d5 3. Bf4 a6 4. e3 e6 5. g4 c5 6. g5 Nfd7 7. h4 Nc6 8. Nf3 b5 9. Bh3 b4 10. Ne2 a5 11. h5 g6 12. Ng3 Ba6 13. Bg2 Bg7 14. h6 Bf8 15. e4 Be7 16. exd5 exd5 17. Qd2 O-O 18. O-O-O c4 19. Ne5 c3 20. Qe3 cxb2+ 21.
Kb1 Ncxe5 22. dxe5 Nb6 23. e6 f6 24. gxf6 Bxf6 25.
e7 Bxe7 26. Qe6+ Kh8 27. Be3 Nc4 28. Bd4+ Bf6 29. Bxd5 Na3+ 30. Kxb2 Rc8 31. Bxf6+ Rxf6 32. Qe5 Rxc2+ 33. Ka1 Rxf2 34. Ne4 Nc2+ 35. Kb1 Na3+ 36.
Ka1 Nc2+ 37. Kb1 Na3+ 38. Ka1 1/2-1/2

[Event "Early-Titled-Tuesday-Blitz-June-18-2024"]
[Site "Chess.com"]
[Date "2024.06.18"]
[Round "3"]
[White "Kielinkei"]
[Black "GP9isback23"]
[Result "0-1"]
[WhiteElo "2482"]
[BlackElo "2689"]
[TimeControl "180+1"]
[EndTime "8:29:46 PDT"]
[Termination "GP9isback23 won by resignation"]

1. c4 e6 2. g3 Nf6 3. Bg2 d5 4.
Nf3 Be7 5. O-O O-O 6. b3 a5 7. Bb2 a4 8. Na3 c6 9. d3 Nbd7 10. Nc2 b5 11. cxb5 cxb5 12. Qd2 Bb7 13. Ba3 Nc5 14.
Ncd4 Qb6 15. Rfc1 axb3 16. axb3 Rfe8 17. Bb2 b4 18. Rxa8 Rxa8 19. Ra1 Rc8 20. Rc1 Bd6 21.
Qd1 h6 22. h3 Ra8 23. Ra1 Rc8 24. Rc1 Ba6 25. Ba1 Ne8 26. Bb2 Bf8 27. Ba1 Nd6 28. Bb2 Nb5 29. Nxb5 Qxb5 30. Nd4 Qb6 31. Ra1 Bb7 32.
Nf3 Nd7 33. Bd4 Bc5 34. Bxc5 Rxc5 35. d4 Rc3 36. Rc1 Qc7 37. Rxc3 Qxc3 38. e3 Ba6 39. Bf1 Bxf1 40. Kxf1 Nf6 41. Ne5 Ne4 42. Nd3 Nd2+ 43. Kg2 Qxd3 0-1

[Event "Early-Titled-Tuesday-Blitz-June-18-2024"]
[Site "Chess.com"]
[Date "2024.06.18"]
[Round "3"]
[White "ArtemDyachuk"]
[Black "AjedrezInteligente"]
[Result "1-0"]
[WhiteElo "2631"]
[BlackElo "2423"]
[TimeControl "180+1"]
[EndTime "8:29:46 PDT"]
[Termination "ArtemDyachuk won by checkmate"]

1. e4 c6 2. d4 d5 3. e5 c5 4.
Nf3 Nc6 5. c4 e6 6. Nc3 dxc4 7.
d5 exd5 8. Nxd5 Nge7 9. Bxc4 Be6 10.
Ne3 Qxd1+ 11. Kxd1 O-O-O+ 12. Ke2 Bxc4+ 13. Nxc4 Ng6 14. Be3 b5 15. Nd6+ Bxd6 16. exd6 Rhe8 17. Rhd1 c4 18.
Kf1 Nge5 19. Rd5 Nxf3 20. gxf3 a6 21. a4 b4 22. Rc5 Kb7 23. Rd1 Re6 24. Bf4 h6 25.
Rxc4 g5 26. Bg3 f5 27. f4 g4 28. Rc5 Rdxd6 29. Rxd6 Rxd6 30. Rxf5 Rd2 31. Rf7+ Kb6 32. f5 Rxb2 33. f6 b3 34. Bf4 Rb1+ 35. Kg2 b2 36. Be3+ Ka5 37. Rb7 Kxa4 38. f7 Nb4 39. Rxb4+ Kxb4 40. f8=Q+ Kb3 41. Qf7+ Kb4 42. Qb7+ Kc3 43. Qc6+ Kb3 44.
Qd5+ Kc3 45. Qd4+ Kb3 46. Qd3+ Ka2 47. Qc4+ Ka1 48. Qa4# 1-0